 Dungeon Crawl Stone Soup version 0.30-a0-696-g2367cd04db (webtiles) character file.

Game seed: 10371008515796885931

1687 Darius099 the Ruffian (level 8, -3/124 HPs)
             Began as a Troll Berserker on Jan 21, 2023.
             Was a Priest of Trog.
             Slain by a scorpion (6 damage)
             ... on level 6 of the Dungeon.
             The game lasted 00:07:09 (4010 turns).

Darius099 the Ruffian (Troll Berserker)             Turns: 4010, Time: 00:07:09

Health: -3/124     AC:  4    Str: 26    XL:     8   Next: 71%
Magic:  7/7        EV: 16    Int:  3    God:    Trog [***...]
Gold:   388        SH:  0    Dex: 11    Spells: 7/7 levels left

rFire   . . .      SeeInvis .      - Unarmed
rCold   . . .      Faith    .    (no shield)
rNeg    . . .      Spirit   .    l - +0 robe
rPois   .          Reflect  .    (helmet restricted)
rElec   .          Harm     .    (no cloak)
rCorr   .          Rampage  .    (gloves unavailable)
Will    ++...                    (boots unavailable) Stlth
                                 (no amulet)
HPRegen 2.20/turn                f - +5 ring of evasion
MPRegen 0.10/turn                j - ring of flight

@: berserking, lethally poisoned (-3 -> -3), strong-willed, flying,
regenerating, very quick
A: large, unfitting armour, claws 3, regeneration 1, shaggy fur 1, tough skin 1,
hooves 1, camouflage 1, MP-powered wands
a: Renounce Religion, Berserk, Trog's Hand


You were on level 6 of the Dungeon.
You worshipped Trog.
Trog was most pleased with you.
You visited 1 branch of the dungeon, and saw 6 of its levels.

You collected 388 gold pieces.

Inventory:

Missiles
 o - a throwing net
Armour
 l - a +0 robe (worn)
Jewellery
 f - a +5 ring of evasion (left claw)
 j - a ring of flight (right claw)
 v - a +6 ring of intelligence
 w - a +4 ring of slaying
Wands
 q - a wand of iceblast (7)
 u - a wand of flame (3)
Scrolls
 a - 2 scrolls of fog
 c - a scroll of magic mapping {unknown}
 h - a scroll of blinking {unknown}
 k - 2 scrolls of identify
 m - 3 scrolls of enchant armour
 n - a scroll of enchant weapon {unknown}
 r - a scroll of amnesia {unknown}
 s - 3 scrolls of teleportation
Potions
 b - a potion of invisibility {unknown}
 d - 2 potions of flight {unknown}
 e - a potion of magic {unknown}
 g - 4 potions of lignification {unknown}
 i - 5 potions of curing (quivered)
 p - a potion of cancellation {unknown}
 t - a potion of berserk rage {unknown}


   Skills:
 + Level 5.9 Fighting
 + Level 5.9 Dodging
 + Level 7.1 Unarmed Combat


You had 7 spell levels left.
You didn't know any spells.
Your spell library was empty.

Dungeon Overview and Level Annotations

Branches:
Dungeon (6/15)             Temple (0/1) D:6

Altars:
Elyvilon


Innate Abilities, Weirdness & Mutations

You are too large for most types of armour.
You have claws for hands.
Your natural rate of healing is unusually fast.
You are covered in fur. (AC +1)
You have tough skin. (AC +1)
You have large cloven feet.
Your skin changes colour to match your surroundings (Stealth+).
You expend magic power (3 MP) to strengthen your wands.


Message History

The killer bee stings you but does no damage.
The killer bee stings you!
* * * LOW HITPOINT WARNING * * *
The killer bee stings you.
* * * LOW HITPOINT WARNING * * *
You are more poisoned.
The killer bee poisons you!
The killer bee stings you but does no damage.
You miss the killer bee. Your kick misses the killer bee.
The killer bee is severely wounded.
You feel sick. The killer bee barely misses you.
The killer bee closely misses you. The killer bee stings you.
* * * LOW HITPOINT WARNING * * *
You are more poisoned.
The killer bee poisons you! The killer bee barely misses you.
You barely miss the killer bee. Your kick misses the killer bee.
The killer bee is severely wounded.
You feel sick. The killer bee stings you.
* * * LOW HITPOINT WARNING * * *
The killer bee misses you.
You claw the killer bee!
You kill the killer bee!
Trog accepts your kill.
You feel sick. The killer bee closely misses you.
You claw the killer bee! Your kick misses the killer bee.
The killer bee is severely wounded.
You feel sick. The killer bee closely misses you.
You mangle the killer bee!!
You kill the killer bee!
Trog accepts your kill.
You feel sick.
Your Unarmed Combat skill increases to level 7!
You mangle the ogre!! You kick the ogre.
You kill the ogre!
Trog accepts your kill.
You feel sick.
You scratch the scorpion. You kick the scorpion!
The scorpion is almost dead.
You feel sick. The scorpion stings you.
You die...

......# .... #.# ####
##.##.#### ###..## #.#
.....).#.. ......# ..#
.....)...#
#.#.#.##.######
⌠...⌠..#.#
#.#......)$....
......)#.#
###.##..#..##.##
..>.....)# #......##.##
.......#.# #.#.#s##...
⌠...⌠..#.# #...†@#.....
.........###.....#.....#
.......#.........#.....#
##.##.##.........##$..##
#.. #....###.....#.....
#. ####.###.....#
#.........# ..
#..#####.### .#### #.##
#.# ####....#


You could see a scorpion.

Vanquished Creatures
  The ghost of PyroL the Magician, an amateur DjCj (D:4)
  Sigmund (D:4)
  Eustachio (D:4)
  Menkaure (D:4)
  A water moccasin (D:6)
  3 ogres
  A bullfrog (D:3)
  A scorpion (D:6)
  5 killer bees (D:6)
  2 hounds (D:5)
  A gnoll bouda (D:6)
  An orc priest (D:4)
  Ijyb (D:4)
  2 iguanas (D:4)
  7 gnolls
  2 adders
  A worm (D:2)
  2 dart slugs (D:2)
  9 orcs
  7 ball pythons
  8 endoplasms
  6 giant cockroaches
  7 goblins
  8 hobgoblins
  2 jackals (D:2)
  3 quokkas
  6 bats
  A frilled lizard (D:1)
  4 kobolds
  8 rats
103 creatures vanquished.

Notes
Turn   | Place    | Note
-------+----------+-------------------------------------------
     0 | D:1      | Darius099 the Troll Berserker began the quest for the Orb.
     0 | D:1      | Reached XP level 1. HP: 22/22 MP: 0/0
   125 | D:1      | Reached XP level 2. HP: 29/29 MP: 1/1
   694 | D:2      | Reached XP level 3. HP: 36/36 MP: 2/2
   777 | D:2      | Reached ** piety under Trog
  1366 | D:3      | Found a faded altar of an unknown god.
  1367 | D:3      | Noticed a golden eye
  1369 | D:3      | Noticed a great orb of eyes
  1369 | D:3      | Noticed a great orb of eyes
  1369 | D:3      | Noticed a floating eye
  1401 | D:3      | Reached XP level 4. HP: 39/45 MP: 3/3
  1573 | D:3      | Noticed a bullfrog
  1582 | D:3      | Killed a bullfrog
  1583 | D:3      | Reached skill level 4 in Unarmed Combat
  1583 | D:3      | Reached XP level 5. HP: 53/53 MP: 4/4
  2042 | D:3      | Gained mutation: You heal very quickly. [potion of
                  | mutation]
  2042 | D:3      | Gained mutation: You passively map a small area around you.
                  | [potion of mutation]
  2042 | D:3      | Gained mutation: You are clumsy. (Dex -2) [potion of
                  | mutation]
  2113 | D:4      | Noticed Menkaure
  2122 | D:4      | Killed Menkaure
  2123 | D:4      | Reached XP level 6. HP: 25/62 MP: 5/5
  2184 | D:4      | Noticed PyroL's ghost (amateur DjCj)
  2283 | D:4      | Found a runed translucent door.
  2455 | D:4      | Noticed Sigmund
  2466 | D:4      | Killed Sigmund
  2467 | D:4      | Reached skill level 5 in Unarmed Combat
  2467 | D:4      | Reached XP level 7. HP: 61/70 MP: 6/6
  2625 | D:4      | Noticed Ijyb
  2627 | D:4      | Noticed Eustachio
  2638 | D:4      | Killed Ijyb
  2651 | D:4      | Killed Eustachio
  2837 | D:4      | Killed PyroL's ghost
  2874 | D:5      | Entered Level 5 of the Dungeon
  2936 | D:5      | Reached skill level 5 in Fighting
  2936 | D:5      | Reached skill level 6 in Unarmed Combat
  3065 | D:5      | Reached skill level 5 in Dodging
  3134 | D:5      | Found a white marble altar of Elyvilon.
  3206 | D:5      | Reached XP level 8. HP: 68/80 MP: 7/7
  3587 | D:5      | Lost mutation: You are clumsy. (Dex -2) [potion of
                  | mutation]
  3587 | D:5      | Lost mutation: You passively map a small area around you.
                  | [potion of mutation]
  3587 | D:5      | Lost mutation: You heal very quickly. [potion of mutation]
  3587 | D:5      | Gained mutation: You have hidden genetic defects. [potion
                  | of mutation]
  3587 | D:5      | Gained mutation: You are clumsy. (Dex -2) [potion of
                  | mutation]
  3588 | D:5      | Lost mutation: You are clumsy. (Dex -2) [potion of
                  | mutation]
  3588 | D:5      | Lost mutation: You have hidden genetic defects. [potion of
                  | mutation]
  3588 | D:5      | Gained mutation: Your skin changes colour to match your
                  | surroundings (Stealth+). [potion of mutation]
  3588 | D:5      | Gained mutation: You have large cloven feet. [potion of
                  | mutation]
  3588 | D:5      | Gained mutation: You expend magic power (3 MP) to
                  | strengthen your wands. [potion of mutation]
  3943 | D:6      | Found a staircase to the Ecumenical Temple.
  3962 | D:6      | Reached *** piety under Trog
  4005 | D:6      | HP: 5/124 [killer bee (3)]
  4009 | D:6      | Reached skill level 7 in Unarmed Combat
  4010 | D:6      | HP: 3/124 [poisoned by a killer bee]
  4010 | D:6      | Slain by a scorpion

Illustrated notes

Levels and vault maps discovered:
D:1:      tarquinn_simple_flora_water_e, layout_rooms
D:2:      layout_basic
D:3:      layout_loops_ring, hellmonk_ecumenical_altar_watching_god
D:4:      layout_basic, hellmonk_ghost_happy_afterlife, minmay_surrounded,
          uniq_menkaure, uniq_sigmund, uniq_ijyb, uniq_eustachio
D:5:      layout_basic, nicolae_elyvilon_peaceful_grove, moated_statue
D:6:      layout_loops_ring, marbit_many_paths, minmay_temple_entry_large_hall,
          ebering_ghost_sewer_f

Skill      XL: |  1  2  3  4  5  6  7  8 |
---------------+-------------------------+-----
Dodging        | 3 4 5 |  5.9
Fighting       | 3 4 5 |  5.9
Unarmed Combat | 4 5 6 7 |  7.1

Action                   |  1- 3 |  4- 6 |  7- 9 || total
-------------------------+-------+-------+-------++-------
Melee: Unarmed           |   118 |    62 |   122 ||   302
       Punch             |     3 |     2 |     2 ||     7
       Kick              |       |       |     9 ||     9
Invok: Berserk           |       |     1 |     2 ||     3
       Trog's Hand       |       |       |     1 ||     1
  Use: Scroll            |       |     4 |     5 ||     9
       Potion            |       |     1 |     2 ||     3
 Stab: Sleeping          |     1 |       |       ||     1
       Distracted        |       |       |     1 ||     1
Armor: Animal skin       |    13 |       |       ||    13
       Robe              |     8 |     7 |    18 ||    33
Dodge: Dodged            |    81 |    27 |   121 ||   229

Table legend: (Time is in decaauts)
 A = Elapsed time spent in this place.
 B = Non-inter-level travel time spent in this place.
 C = Inter-level travel time spent in this place.
 D = Time resting spent in this place.
 E = Time spent auto-exploring this place.
 F = Levels seen in this place.
 G = Mean time per level.
                   A        B        C        D        E       F      G
               +--------+--------+--------+--------+--------+-----+--------+
         Total |   4005 |   3905 |    100 |     92 |   2974 |   6 |  667.5 |
       Dungeon |   4005 |   3905 |    100 |     92 |   2974 |   6 |  667.5 |
               +--------+--------+--------+--------+--------+-----+--------+

Top non-repeatable levels by time:
     D:2: 784 daAuts
     D:4: 766 daAuts
     D:3: 759 daAuts
     D:5: 743 daAuts
     D:1: 571 daAuts
     D:6: 380 daAuts
